 Dungeon Crawl Stone Soup version 0.25.0-11-g1f837a76a1 (webtiles) character file.

Game seed: 15882009816211957928

20 Flugkiller the Ducker (level 2, 0/18 HPs)
             Began as a Deep Elf Chaos Knight on June 25, 2020.
             Was a Plaything of Xom.
             Slain by a giant cockroach (1 damage)
             ... on level 2 of the Dungeon.
             The game lasted 00:00:51 (800 turns).

Flugkiller the Ducker (Deep Elf Chaos Knight)        Turns: 800, Time: 00:00:51

Health: 0/18       AC:  5    Str:  9    XL:     2   Next: 58%
Magic:  4/4        EV: 12    Int: 16    God:    Xom [......]
Gold:   30         SH:  0    Dex: 14    Spells: 1/1 levels left

rFire    . . .     SeeInvis .   a - +0 falchion (chaos)
rCold    . . .     Gourm    .   (no shield)
rNeg     . . .     Faith    .   b - +2 leather armour
rPois    .         Spirit   .   (no helmet)
rElec    .         Reflect  .   (no cloak)
rCorr    .         Harm     .   (no gloves)
MR       .....                  (no boots)
Stlth    +.........             (no amulet)
HPRegen  0.06/turn              (no ring)
MPRegen  0.09/turn              (no ring)

@: no status effects
A: no striking features
a: Renounce Religion


You were on level 2 of the Dungeon.
You worshipped Xom.
You were a very special plaything of Xom.
You were not hungry.

You visited 1 branch of the dungeon, and saw 2 of its levels.

You collected 30 gold pieces.

Inventory:

Hand Weapons
 a - a +0 falchion of chaos (weapon)
Armour
 b - a +2 leather armour (worn)
Scrolls
 d - 2 scrolls of teleportation {unknown}
 e - a scroll of identify {unknown}
 g - a scroll of blinking {unknown}
 h - a scroll of fog {unknown}
Comestibles
 c - 4 rations
 f - 4 chunks of flesh


   Skills:
 + Level 2.7 Fighting
 + Level 3.0 Long Blades
 - Level 0.7 Armour
 + Level 3.0 Dodging


You had one spell level left.
You didn't know any spells.
Your spell library was empty.

Dungeon Overview and Level Annotations

Branches:
Dungeon (2/15)

Altars:


Message History

A giant cockroach is nearby!
Found a club.
A rat comes into view.
You hit the giant cockroach but do no damage.
The giant cockroach flickers and vanishes!
Deactivating autopickup; reactivate with Ctrl-A.
Something bites you but does no damage. Something bites you.
You miss something. Something bites you but does no damage.
Some of the chunks of flesh in your inventory have rotted away.
A giant cockroach and a hobgoblin come into view.
The hobgoblin shouts!
Something bites you but does no damage. The rat bites you but does no damage.
You closely miss the rat. Something bites you but does no damage.
The rat bites you.
You closely miss something. Something bites you but does no damage.
The rat barely misses you. Something bites you.
You closely miss something. The rat bites you but does no damage.
Something bites you but does no damage. The rat misses you.
You closely miss something. "Let's see if it's strong enough to survive yet."
Something bites you but does no damage. Something bites you.
The rat barely misses you. The giant cockroach closely misses you.
You hit the orange demon but do no damage.
Something bites you. The hobgoblin barely misses you.
The giant cockroach closely misses you. The rat closely misses you.
You riposte.
You hit the rat but do no damage.
The rat seems to speed up.
Xom is amused.
The orange demon misses you.
The orange demon hits you but does no damage.
Something bites you but does no damage.
The hobgoblin hits you but does no damage.
The orange demon stings you from afar!
Ouch! That really hurt!
* * * LOW HITPOINT WARNING * * *
Xom thinks this is hilarious!
The hobgoblin barely misses you. The rat misses you.
You riposte.
You hit the rat.
You kill the rat!
Found a fuming pink potion.
Something bites you but does no damage.
Found a stone staircase leading down.
You see here a fuming pink potion.
Something bites you but does no damage.
You aren't carrying any potions.
Something bites you but does no damage. Something bites you.
* * * LOW HITPOINT WARNING * * *
Something bites you.
You die... "Huh?
Did I miss anything?"

##### ...#
###################.########
...........@.s...45......g..
##....<##....######.####!#.
....######.##.# #...###...
## #.##.# #.#.......
##÷##.### #.#..#..#.
#...#.#.###.#..#g.#.
#...#.#.......†.....
#.........#.#..#)..#
#..##÷#.#.#.#..#...#


You could see an orange demon (summoned), a white imp (summoned) and a giant
cockroach.

Vanquished Creatures
  An adder (D:2)
  A giant cockroach (D:1)
  A hobgoblin (D:1)
  2 frilled lizards (D:1)
  2 goblins
  A kobold (D:1)
  5 rats
13 creatures vanquished.

Notes
Turn   | Place    | Note
-------+----------+-------------------------------------------
     0 | D:1      | Flugkiller the Deep Elf Chaos Knight began the quest for
                  | the Orb.
     0 | D:1      | Reached XP level 1. HP: 13/13 MP: 3/3
   182 | D:1      | XOM: smoke on damage
   411 | D:1      | XOM: silly message
   530 | D:1      | XOM: divination: detect items
   731 | D:2      | Reached XP level 2. HP: 18/18 MP: 4/4
   778 | D:2      | XOM: summons 2 hostile demons
   779 | D:2      | Noticed an orange demon
   800 | D:2      | Slain by a giant cockroach

Illustrated notes

Levels and vault maps discovered:
D:1:      dpeg_arrival_erosion, layout_loops_cross
D:2:      layout_basic, nemelex_altar_shiori

Skill      XL: |  1  2 |
---------------+-------+-----
Long Blades    | 3 |  3.0
Dodging        | 3 |  3.0
Fighting       | |  2.7
Armour         | |  0.7

Action                   || total
-------------------------++-------
Melee: Falchion          ||    40
 Stab: Sleeping          ||     3
Armor: Leather armour    ||    24
Dodge: Dodged            ||    31
       Rpst.: Falchion   ||     9
